 Dungeon Crawl Stone Soup version 0.30-a0-913-g9934a0ce24 (webtiles) character file.

Game seed: 3604672252695517236

34598 billz999 the Skirmisher (level 13, 0/103 HPs)
             Began as a Gnoll Hunter on Mar 20, 2023.
             Was a High Priest of Okawaru.
             Slain by Rupert
             ... wielding a +3 great mace of holy wrath
              (34 damage)
             ... on level 5 of the Lair of Beasts.
             The game lasted 00:32:04 (13625 turns).

billz999 the Skirmisher (Gnoll Hunter)             Turns: 13625, Time: 00:32:05

Health: 0/103      AC: 25    Str: 14    XL:     13   Next: 78%
Magic:  19/25      EV: 21    Int:  8    God:    Okawaru [*****.]
Gold:   751        SH:  0    Dex: 27    Spells: 16/29 levels left

rFire   + + +      SeeInvis .    a - +4 triple crossbow
rCold   + . .      Faith    .    (shield currently unavailable)
rNeg    . . .      Spirit   .    A - +6 scale mail of Tortured Lucidity {rF+++ Str+3 Int-3 Dex+3 Slay-4}
rPois   .          Reflect  .    N - +2 hat {Will+}
rElec   .          Rampage  .    (no cloak)
rCorr   .                        (no gloves)
Will    ++...                    H - +2 pair of boots {Stlth+}
Stlth   ++++++                   v - amulet "Zuwa" {+Blink rC+ Will+ Regen+}
HPRegen 1.17/turn                G - +6 ring of dexterity
MPRegen 0.19/turn                q - +4 ring of protection

@: about to teleport, heroic, finesse-ful
A: fangs 1, strong nose, distributed training
a: Renounce Religion, Evoke Blink, Heroism, Finesse, Duel


You were on level 5 of the Lair of Beasts.
You worshipped Okawaru.
Okawaru was extremely pleased with you.
You visited 2 branches of the dungeon, and saw 15 of its levels.

You collected 891 gold pieces.
You spent 140 gold pieces at shops.

Inventory:

Hand Weapons
 a - a +4 triple crossbow (weapon)
 I - the +8 long sword of Leuss {freeze, rF- Will+++ Dex+3}
   (You found it on level 10 of the Dungeon)

   Dex:       It affects your dexterity (+3).
   rF:        It makes you vulnerable to fire.
   Will:      It greatly increases your willpower.
Missiles
 y - 66 poisoned darts
 B - 3 throwing nets
 C - a silver javelin
 E - 4 javelins
Armour
 k - the +4 leather armour "Itaq" {Dex+4}
   (You found it on level 2 of the Dungeon)

   Dex:       It affects your dexterity (+4).
 A - the +6 scale mail of Tortured Lucidity (worn) {rF+++ Str+3 Int-3 Dex+3 Slay-4}
   (Okawaru gifted it to you on level 3 of the Lair of Beasts)

   Str:       It affects your strength (+3).
   Int:       It affects your intelligence (-3).
   Dex:       It affects your dexterity (+3).
   Slay:      It affects your accuracy & damage with ranged weapons and melee
   (-4).
   rF:        It renders you almost immune to fire.
 H - a +2 pair of boots of stealth (worn)
 N - a +2 hat of willpower (worn)
Jewellery
 i - a ring of poison resistance
 q - a +4 ring of protection (right hand)
 v - the amulet "Zuwa" (around neck) {+Blink rC+ Will+ Regen+}
   (You found it on level 4 of the Dungeon)

   [amulet of regeneration]

   rC:        It protects you from cold.
   +Blink:    It lets you blink.
   Regen:     It increases your rate of health regeneration.
   Will:      It increases your willpower.
 z - an amulet of the acrobat
 G - a +6 ring of dexterity (left hand)
 M - a ring of magical power
 O - a +4 ring of protection
Wands
 c - a wand of flame (12)
 n - a wand of acid (4)
 s - a wand of roots (3)
 L - a wand of polymorph (3)
Scrolls
 b - 2 scrolls of immolation
 d - 3 scrolls of noise
 g - 14 scrolls of identify
 m - 2 scrolls of fog
 r - 4 scrolls of teleportation
 F - a scroll of blinking
 K - a scroll of magic mapping
Potions
 e - 10 potions of curing
 f - 3 potions of mutation {unknown}
 h - 3 potions of cancellation {unknown}
 j - 6 potions of flight
 l - 3 potions of attraction
 o - 2 potions of invisibility {unknown}
 p - a potion of degeneration {unknown}
 t - 3 potions of brilliance {unknown}
 u - 4 potions of haste {unknown}
 w - 3 potions of heal wounds {unknown}
 x - 3 potions of lignification {unknown}
 J - 8 potions of ambrosia


   Skills:
 + Level 10.1(15.1) Fighting
 + Level 8.9(13.9) Short Blades
 + Level 8.9(13.9) Long Blades
 + Level 8.9(13.9) Axes
 + Level 8.9(13.9) Maces & Flails
 + Level 8.9(13.9) Polearms
 + Level 8.9(13.9) Staves
 + Level 12.2(17.2) Ranged Weapons
 + Level 8.9(13.9) Throwing
 + Level 8.9(13.9) Armour
 + Level 10.1(15.1) Dodging
 + Level 9.2(14.2) Stealth
 + Level 8.9(13.9) Shields
 + Level 8.9(13.9) Unarmed Combat
 + Level 8.9 Spellcasting
 + Level 7.4 Conjurations
 + Level 7.4 Hexes
 + Level 7.4 Summonings
 + Level 7.4 Necromancy
 + Level 7.4 Translocations
 + Level 7.4 Transmutations
 + Level 7.4 Fire Magic
 + Level 7.4 Ice Magic
 + Level 7.4 Air Magic
 + Level 7.4 Earth Magic
 + Level 7.4 Poison Magic
 + Level 9.7 Invocations
 + Level 8.9 Evocations


You had 16 spell levels left.
You knew the following spells:

 Your Spells              Type           Power      Damage    Failure   Level
a - Inner Flame           Hex/Fire       15%        N/A       7%          3
b - Irradiate             Conj/Tmut      7%         3d14      54%         5
c - Poisonous Vapours     Pois/Air       30%        N/A       3%          2
d - Mephitic Cloud        Conj/Pois/Air  15%        N/A       7%          3

Your spell library contained the following spells:

 Spells                   Type           Power      Damage    Failure   Level
 Cigotuvi's Dreadful Rot  Necr/Pois/Air  30%        N/A       3%          2
 Sublimation of Blood     Necr           15%        N/A       3%          2
 Wereblood                Tmut           15%        N/A       3%          2
 Anguish                  Hex/Necr       7%         N/A       22%         4
 Cause Fear               Hex            7%         N/A       22%         4
 Passage of Golubria      Tloc           15%        N/A       22%         4
 Petrify                  Tmut/Erth      15%        N/A       22%         4
 Fireball                 Conj/Fire      7%         3d5       54%         5
 Iskenderun's Battlesphe  Conj           15%        2d7       54%         5
 Silence                  Hex/Air        7%         N/A       54%         5
 Conjure Ball Lightning   Conj/Air       7%         3x3d6     98%         6
 Enfeeble                 Hex            7%         N/A       100%        7
 Orb of Destruction       Conj           7%         9d6       100%        7
 Discord                  Hex            7%         N/A       100%        8
 Lehudib's Crystal Spear  Conj/Erth      7%         10d3      100%        8
 Summon Hydra             Summ           Unusable   N/A       N/A         7

Dungeon Overview and Level Annotations

Branches:
Dungeon (10/15)            Temple (0/1) D:7            Lair (5/5) D:9
 Shoals (0/4) Lair:2       Spider (0/4) Lair:3        Slime (0/5) Lair:4
    Orc (0/2) D:10

Altars:
Fedhas
Kikubaaqudgha
Makhleb
Okawaru
Sif Muna
Jiyva

Shops:
D:4 :   D:7 (

Annotations:
D:2 1 runed translucent door, Crazy Yiuf
Lair:5 Rupert


Innate Abilities, Weirdness & Mutations

You have very sharp teeth.
Your uncanny sense of smell can sniff out nearby items.
Your experience applies equally to all skills.


Message History

You shoot a bolt. The bolt hits the elephant!!
You kill the elephant!
Okawaru accepts your kill.
You see here an elephant corpse.
Rupert is nearby!
Casting: Mephitic Cloud (mildly dangerous; 9% risk of failure)
Confirm with . or Enter, or press ? or * to list all spells.
Okay, then.
You gain the combat prowess of a mighty hero.
Rupert shouts!
You can now deal lightning-fast blows.
Rupert barely misses you.
You shoot a bolt. The bolt hits Rupert!
Rupert is lightly wounded.
Rupert completely misses you.
You shoot a bolt. The bolt closely misses Rupert.
Rupert hits you with a +3 great mace of holy wrath!!
You shoot a bolt. The bolt hits Rupert!
Rupert is lightly wounded.
Rupert roars madly and goes into a rage!
Rupert goes berserk!
You shoot a bolt. The bolt hits Rupert!
Rupert is lightly wounded.
Rupert misses you.
You shoot a bolt. The bolt hits Rupert!
Rupert is moderately wounded.
Rupert completely misses you.
You shoot a bolt. The bolt hits Rupert.
Rupert is moderately wounded.
Rupert misses you.
Rupert hits you with a +3 great mace of holy wrath!!
You shoot a bolt. The bolt closely misses Rupert.
Rupert hits you with a +3 great mace of holy wrath!!
As you read the scroll of teleportation, it crumbles to dust.
You feel strangely unstable. Rupert barely misses you.
You shoot a bolt. The bolt hits Rupert!!
Rupert is moderately wounded.
Rupert hits you with a +3 great mace of holy wrath!
Rupert hits you with a +3 great mace of holy wrath!!
You die...

#P....### ..
#.......##.
#..........
#........#∆ #
#......#.# .#.
#........#....
##...........#
##...#.....#
#..#@# ..
###..@##
#.#..####.
#..........
##.........
#....#....
###.....÷...
#...........
##.....###..


You could see Rupert (berserk).

Vanquished Creatures
  Gastronok (Lair:2)
  2 hydras (Lair:5)
  A catoblepas (Lair:5)
  A boulder beetle (Arena)
  A skyshark (Lair:2)
  Pikel (D:8)
  A cyclops (D:8)
  2 oklob plants
  9 elephants (Lair:5)
  A merfolk siren (Lair:2)
  A black mamba (Lair:3)
  6 cane toads
  3 rime drakes
  Psyche (D:10)
  5 komodo dragons
  5 blink frogs (Lair:3)
  3 merfolk (Lair:2)
  3 hornets
  2 polar bears
  A queen bee (D:10)
  6 dream sheep (Lair:3)
  A shadow (D:7)
  44 yaks
  7 wyverns
  2 basilisks
  3 steam dragons
  Menkaure (D:7)
  Duvessa (D:5)
  3 acid dragons
  16 water moccasins
  3 black bears (D:9)
  Pargi (D:4)
  2 ice beasts (D:6)
  7 orc warriors
  A sky beast (D:7)
  4 wolves
  A phantom (D:3)
  6 centaurs
  5 kobold brigands
  11 bullfrogs
  3 necrophages (D:8)
  A gnoll sergeant (D:8)
  2 scorpions
  6 wights (D:8)
  Dowan (D:5)
  36 killer bees
  5 electric eels (D:8)
  A howler monkey (D:9)
  4 vampire bats (Lair:4)
  A human zombie (D:8)
  A jelly (D:6)
  6 orc priests
  A gnoll bouda (D:3)
  2 hounds
  2 sleepcaps
  5 iguanas
  10 orc wizards
  2 killer bee zombies (D:8)
  3 mummies (D:8)
  14 gnolls
  A howler monkey zombie (D:8)
  5 adders
  3 white imps
  An ufetubus (D:6)
  3 worms
  2 dart slugs
  30 orcs
  11 ball pythons
  7 endoplasms
  4 giant cockroaches
  7 hobgoblins
  7 jackals
  6 quokkas
  3 training dummies (D:7)
  11 bats
  7 frilled lizards (D:1)
  7 goblins
  35 kobolds
  11 rats
442 creatures vanquished.

Vanquished Creatures (others)
  A killer bee (D:8)
  50 fungi
  66 plants
117 creatures vanquished.

Grand Total: 559 creatures vanquished

Notes
Turn   | Place    | Note
-------+----------+-------------------------------------------
     0 | D:1      | billz999 the Gnoll Hunter began the quest for the Orb.
     0 | D:1      | Reached XP level 1. HP: 20/20 MP: 1/1
    97 | D:1      | Reached XP level 2. HP: 26/26 MP: 2/2
   439 | D:1      | Reached XP level 3. HP: 31/31 MP: 3/3
   790 | D:1      | Reached skill level 1 in Invocations
   951 | D:2      | Identified the +4 leather armour "Itaq" {Dex+4}
  1039 | D:2      | Learned a level 3 spell: Inner Flame
  1257 | D:2      | Reached skill level 1 in Short Blades
  1257 | D:2      | Reached skill level 1 in Long Blades
  1257 | D:2      | Reached skill level 1 in Axes
  1257 | D:2      | Reached skill level 1 in Maces & Flails
  1257 | D:2      | Reached skill level 1 in Polearms
  1257 | D:2      | Reached skill level 1 in Staves
  1257 | D:2      | Reached skill level 1 in Throwing
  1257 | D:2      | Reached skill level 1 in Armour
  1257 | D:2      | Reached skill level 1 in Shields
  1257 | D:2      | Reached skill level 1 in Unarmed Combat
  1257 | D:2      | Reached skill level 1 in Spellcasting
  1257 | D:2      | Reached skill level 1 in Evocations
  1273 | D:2      | Found a faded altar of an unknown god.
  1344 | D:2      | Reached XP level 4. HP: 37/38 MP: 5/5
  1528 | D:2      | Found a runed translucent door.
  1529 | D:2      | Noticed Crazy Yiuf
  1698 | D:2      | Reached skill level 1 in Conjurations
  1698 | D:2      | Reached skill level 1 in Hexes
  1698 | D:2      | Reached skill level 1 in Summonings
  1698 | D:2      | Reached skill level 1 in Necromancy
  1698 | D:2      | Reached skill level 1 in Translocations
  1698 | D:2      | Reached skill level 1 in Transmutations
  1698 | D:2      | Reached skill level 1 in Fire Magic
  1698 | D:2      | Reached skill level 1 in Ice Magic
  1698 | D:2      | Reached skill level 1 in Air Magic
  1698 | D:2      | Reached skill level 1 in Earth Magic
  1698 | D:2      | Reached skill level 1 in Poison Magic
  1856 | D:3      | Reached XP level 5. HP: 43/43 MP: 5/7
  1989 | D:3      | Noticed a phantom
  2178 | D:3      | Killed a phantom
  2179 | D:3      | Reached XP level 6. HP: 50/50 MP: 8/8
  2228 | D:3      | Reached skill level 5 in Fighting
  2228 | D:3      | Reached skill level 5 in Dodging
  3090 | D:4      | Found a blossoming altar of Fedhas.
  3093 | D:4      | Found an iron altar of Okawaru.
  3096 | D:4      | Found a shimmering blue altar of Sif Muna.
  3122 | D:4      | Became a worshipper of Warmaster Okawaru
  3229 | D:4      | Found Irphavuoq's Book Shop.
  3265 | D:4      | Noticed Pargi
  3278 | D:4      | Killed Pargi
  3279 | D:4      | Reached XP level 7. HP: 56/56 MP: 10/10
  3698 | D:4      | Identified the amulet "Zuwa" {+Blink rC+ Will+ Regen+}
  4072 | D:5      | Entered Level 5 of the Dungeon
  4123 | D:5      | Noticed Duvessa
  4124 | D:5      | Noticed Dowan
  4138 | D:5      | Killed Duvessa
  4139 | D:5      | Reached skill level 9 in Ranged Weapons
  4143 | D:5      | Killed Dowan
  4143 | D:5      | Reached * piety under Okawaru
  5043 | D:6      | Reached XP level 8. HP: 62/63 MP: 12/12
  5278 | D:6      | Learned a level 5 spell: Irradiate
  5879 | D:7      | Found Segasch's Firing Range.
  5885 | D:7      | Bought a +0 triple crossbow for 140 gold pieces
  6049 | D:7      | Noticed Menkaure
  6050 | D:7      | Killed Menkaure
  6061 | D:7      | Reached ** piety under Okawaru
  6102 | D:7      | Reached XP level 9. HP: 64/69 MP: 13/15
  6244 | D:7      | Found a staircase to the Ecumenical Temple.
  6589 | D:8      | Noticed a cyclops
  6592 | D:8      | Killed a cyclops
  6592 | D:8      | Reached *** piety under Okawaru
  6593 | D:8      | Reached skill level 5 in Stealth
  6593 | D:8      | Reached skill level 5 in Invocations
  6763 | D:8      | Noticed Pikel
  6767 | D:8      | Killed Pikel
  6767 | D:8      | Received a gift from Okawaru
  6976 | D:8      | Reached skill level 5 in Short Blades
  6976 | D:8      | Reached skill level 5 in Long Blades
  6976 | D:8      | Reached skill level 5 in Axes
  6976 | D:8      | Reached skill level 5 in Maces & Flails
  6976 | D:8      | Reached skill level 5 in Polearms
  6976 | D:8      | Reached skill level 5 in Staves
  6976 | D:8      | Reached skill level 5 in Throwing
  6976 | D:8      | Reached skill level 5 in Armour
  6976 | D:8      | Reached skill level 5 in Shields
  6976 | D:8      | Reached skill level 5 in Unarmed Combat
  6976 | D:8      | Reached skill level 5 in Spellcasting
  6976 | D:8      | Reached skill level 5 in Evocations
  6976 | D:8      | Reached XP level 10. HP: 77/77 MP: 17/17
  6981 | D:8      | Reached skill level 10 in Ranged Weapons
  7192 | D:8      | Reached **** piety under Okawaru
  7267 | D:8      | Received a gift from Okawaru
  7275 | D:8      | Found an ancient bone altar of Kikubaaqudgha.
  7958 | D:9      | Found a staircase to the Lair.
  8467 | D:9      | Reached skill level 5 in Conjurations
  8467 | D:9      | Reached skill level 5 in Hexes
  8467 | D:9      | Reached skill level 5 in Summonings
  8467 | D:9      | Reached skill level 5 in Necromancy
  8467 | D:9      | Reached skill level 5 in Translocations
  8467 | D:9      | Reached skill level 5 in Transmutations
  8467 | D:9      | Reached skill level 5 in Fire Magic
  8467 | D:9      | Reached skill level 5 in Ice Magic
  8467 | D:9      | Reached skill level 5 in Air Magic
  8467 | D:9      | Reached skill level 5 in Earth Magic
  8467 | D:9      | Reached skill level 5 in Poison Magic
  8467 | D:9      | Reached XP level 11. HP: 85/85 MP: 20/20
  8476 | D:9      | Reached ***** piety under Okawaru
  8651 | D:10     | Entered Level 10 of the Dungeon
  8651 | D:10     | Found a staircase to the Orcish Mines.
  8672 | D:10     | Learned a level 2 spell: Poisonous Vapours
  8676 | D:10     | Learned a level 3 spell: Mephitic Cloud
  8698 | D:10     | Identified the +8 long sword of Leuss {freeze, rF- Will+++
                  | Dex+3}
  8713 | D:10     | Received a gift from Okawaru
  9020 | D:10     | Noticed Psyche
  9022 | D:10     | Killed Psyche
  9022 | D:10     | Received a gift from Okawaru
  9292 | D:10     | Received a gift from Okawaru
  9436 | Lair:1   | Entered Level 1 of the Lair of Beasts
  9447 | Lair:1   | Reached skill level 11 in Ranged Weapons
 10276 | Lair:2   | Noticed an oklob plant
 10397 | Lair:2   | Reached XP level 12. HP: 84/94 MP: 19/22
 10429 | Lair:2   | Found a staircase to the Shoals.
 10529 | Lair:2   | Noticed Gastronok
 10529 | Lair:2   | Noticed a skyshark
 10534 | Lair:2   | Killed a skyshark
 10542 | Lair:2   | Killed Gastronok
 10744 | Lair:2   | Found a burning altar of Makhleb.
 10779 | Lair:2   | Identified the +7 trident of Insomnia {flame, rC+ Dex+2}
 11413 | Lair:3   | Identified the +6 scale mail of Tortured Lucidity {rF+++
                  | Str+3 Int-3 Dex+3 Slay-4} (Okawaru gifted it to you on
                  | level 3 of the Lair of Beasts)
 11413 | Lair:3   | Received a gift from Okawaru
 11445 | Lair:3   | Found a hole to the Spider Nest.
 12049 | Lair:4   | Reached XP level 13. HP: 101/101 MP: 25/25
 12146 | Lair:4   | Found a staircase to the Slime Pits.
 12146 | Lair:4   | Found a viscous altar of Jiyva.
 12490 | Lair:4   | Found a burning altar of Makhleb.
 12934 | Lair:5   | Entered Level 5 of the Lair of Beasts
 13020 | Lair:5   | Reached skill level 12 in Ranged Weapons
 13115 | Lair:5   | Received a gift from Okawaru
 13173 | Arena    | Entered the Arena
 13288 | Lair:5   | Noticed Rupert
 13335 | Lair:5   | Received a gift from Okawaru
 13378 | Lair:5   | Reached skill level 10 in Fighting
 13378 | Lair:5   | Reached skill level 10 in Dodging
 13625 | Lair:5   | Slain by Rupert

Illustrated notes

Levels and vault maps discovered:
D:1:      lightli_iron_boxes, layout_basic, minmay_quantized
D:2:      layout_basic, ebering_ecumenical_altar_ruins, uniq_crazy_yiuf_cottage
D:3:      layout_loops_ring, serial_rivers, chequers_serial_rivers_micro_b,
          chequers_serial_rivers_micro_b, chequers_serial_rivers_micro_d,
          chequers_serial_rivers_micro_b, chequers_serial_rivers_micro_e,
          hangedman_decor_points, hex_medium
D:4:      layout_basic, grunt_temple_overflow_diamond, serial_shops,
          nicolae_lakefront_shop, minmay_cut_off, uniq_pargi
D:5:      layout_basic, uniq_duvessa
D:6:      layout_loops_ring, kennysheep_diamond, kennysheep_generic_room_3
D:7:      layout_loops_ring, minmay_temple_entry_stoned_glass,
          nicolae_shop_firing_range, uniq_menkaure
D:8:      wad_lake_hut, layout_gridville, lemuel_mausoleum_altar_kikubaaqudgha,
          enter_bailey_5, uniq_pikel
D:9:      layout_stronghold, due_lair_maze_entry_diamond
D:10:     layout_roguey, minmay_orc_entry_temple_small, special_room
          [special_room_bee], uniq_psyche
Lair:1:   layout_loops_ring, lemuel_fruit_fields
Lair:2:   layout_regular_city, elwin_shoals_entry_stream, basic_altar,
          grunt_megastairs_5, uniq_gastronok
Lair:3:   layout_hall_layers, dummy_spider_entry, grunt_megastairs_1
Lair:4:   layout_regular_city, slime_entry_1, roderic_batcave,
          lemuel_centaur_altar, grunt_megastairs_4, infiniplex_staircase_pool
Lair:5:   hangedman_lair_in_review, layout_loops_ring, guppyfry_lair_end_dragon,
          uniq_rupert

Skill      XL: |  1  2  3  4  5  6  7  8  9 10 11 12 13 |
---------------+----------------------------------------+-----
Invocations    | 1 2 3 4 5 6 7 8 9 |  9.7
Short Blades   | 1 2 3 4 5 6 7 8 |  8.9
Long Blades    | 1 2 3 4 5 6 7 8 |  8.9
Axes           | 1 2 3 4 5 6 7 8 |  8.9
Maces & Flails | 1 2 3 4 5 6 7 8 |  8.9
Polearms       | 1 2 3 4 5 6 7 8 |  8.9
Staves         | 1 2 3 4 5 6 7 8 |  8.9
Throwing       | 1 2 3 4 5 6 7 8 |  8.9
Armour         | 1 2 3 4 5 6 7 8 |  8.9
Shields        | 1 2 3 4 5 6 7 8 |  8.9
Unarmed Combat | 1 2 3 4 5 6 7 8 |  8.9
Spellcasting   | 1 2 3 4 5 6 7 8 |  8.9
Evocations     | 1 2 3 4 5 6 7 8 |  8.9
Conjurations   | 1 2 3 4 5 6 7 |  7.4
Hexes          | 1 2 3 4 5 6 7 |  7.4
Summonings     | 1 2 3 4 5 6 7 |  7.4
Necromancy     | 1 2 3 4 5 6 7 |  7.4
Translocations | 1 2 3 4 5 6 7 |  7.4
Transmutations | 1 2 3 4 5 6 7 |  7.4
Fire Magic     | 1 2 3 4 5 6 7 |  7.4
Ice Magic      | 1 2 3 4 5 6 7 |  7.4
Air Magic      | 1 2 3 4 5 6 7 |  7.4
Earth Magic    | 1 2 3 4 5 6 7 |  7.4
Poison Magic   | 1 2 3 4 5 6 7 |  7.4
Stealth        | 3 4 5 6 7 8 9 |  9.2
Fighting       | 5 6 7 8 9 10 | 10.1
Dodging        | 5 6 7 8 9 10 | 10.1
Ranged Weapons | 9 10 11 12 | 12.2

Action                     |  1- 3 |  4- 6 |  7- 9 | 10-12 | 13-15 || total
---------------------------+-------+-------+-------+-------+-------++-------
  Melee: Triple crossbow   |       |       |       |       |     1 ||     1
   Fire: Shortbow          |   103 |   157 |   187 |       |       ||   447
         Triple crossbow   |       |       |    96 |   484 |   211 ||   791
   Cast: Mephitic Cloud    |       |       |       |     3 |     1 ||     4
 Invoke: Heroism           |       |       |       |     4 |     5 ||     9
         Finesse           |       |       |       |       |     2 ||     2
         Duel              |       |       |       |       |     1 ||     1
Ability: Evoke Blink       |       |       |       |     1 |       ||     1
  Evoke: Wand              |       |     2 |     2 |       |       ||     4
    Use: Scroll            |       |     6 |     5 |     4 |     5 ||    20
         Potion            |       |       |       |       |     1 ||     1
 Armour: Leather armour    |     2 |    22 |    56 |   143 |       ||   223
         Scale mail        |       |       |       |    32 |   133 ||   165
  Dodge: Dodged            |    28 |    58 |   100 |   486 |   255 ||   927

Table legend: (Time is in decaauts)
 A = Elapsed time spent in this place.
 B = Non-inter-level travel time spent in this place.
 C = Inter-level travel time spent in this place.
 D = Time resting spent in this place.
 E = Time spent auto-exploring this place.
 F = Levels seen in this place.
 G = Mean time per level.
                   A        B        C        D        E       F      G
               +--------+--------+--------+--------+--------+-----+--------+
         Total |  14348 |  13717 |    631 |    719 |   9983 |  16 |  896.8 |
       Dungeon |   9849 |   9343 |    506 |    263 |   7123 |  10 |  984.9 |
          Lair |   4482 |   4357 |    125 |    445 |   2859 |   5 |  896.4 |
         Arena |     17 |     17 |      0 |     11 |      0 |   1 |   17.0 |
               +--------+--------+--------+--------+--------+-----+--------+

Top non-repeatable levels by time:
     D:8: 1418 daAuts
     D:2: 1219 daAuts
     D:9: 1104 daAuts
  Lair:4: 1088 daAuts
     D:4: 1032 daAuts
     D:3: 1015 daAuts
  Lair:2: 972 daAuts
     D:5: 949 daAuts
  Lair:1: 875 daAuts
     D:1: 841 daAuts
    D:10: 840 daAuts
  Lair:3: 794 daAuts
  Lair:5: 750 daAuts
     D:6: 728 daAuts
     D:7: 700 daAuts
